 Dungeon Crawl Stone Soup version 0.23.2-40-g277498a001 (webtiles) character file.

Game seed: 5590946184979399700

907 lepipera the Firebug (level 8, -3/57 HPs)
             Began as a Hill Orc Fire Elementalist on Sept 7, 2019.
             Slain by an orc warrior
             ... wielding a +1 halberd of venom
              (17 damage)
             ... on level 6 of the Dungeon.
             The game lasted 00:25:45 (5118 turns).

lepipera the Firebug (Hill Orc Fire Elementalist)   Turns: 5118, Time: 00:25:45

Health: -3/57      AC:  5    Str: 11    XL:     8   Next: 8%
Magic:  6/11       EV: 12    Int: 17    God:
Gold:   79         SH:  0    Dex: 19    Spells: 3/11 levels left

rFire    . . .     SeeInvis .   d - +0 dagger
rCold    . . .     Gourm    .   (no shield)
rNeg     + + +     Faith    .   w - +2 robe "Wefeyr Souja" {*Slow rN+++ Regen+ Dex+8}
rPois    .         Spirit   .   (no helmet)
rElec    .         Reflect  .   (no cloak)
rCorr    .         Harm     .   q - +0 pair of gloves
MR       .....                  (no boots)
Stlth    +++.......             r - amulet of the acrobat
HPRegen  0.59/turn              k - ring of stealth
MPRegen  0.12/turn              y - ring of wizardry

@: no status effects
A: no striking features
a: no special abilities


You were on level 6 of the Dungeon.
You were hungry.

You visited 1 branch of the dungeon, and saw 6 of its levels.

You collected 249 gold pieces.
You spent 170 gold pieces at shops.

Inventory:

Hand Weapons
 d - a +0 dagger (weapon)
Missiles
 e - 28 poisoned needles
Armour
 q - a +0 pair of gloves (worn)
 w - the +2 robe "Wefeyr Souja" (worn) {*Slow rN+++ Regen+ Dex+8}
   (You found it on level 5 of the Dungeon)

   It affects your dexterity (+8).
   It renders you almost immune to negative energy.
   It increases your rate of regeneration.
   It may slow you when you take damage.
Jewellery
 k - a ring of stealth (left hand)
 r - an amulet of the acrobat (around neck)
 y - a ring of wizardry (right hand)
Scrolls
 a - a scroll of fear {unknown}
 b - a scroll of magic mapping {unknown}
 i - a scroll of amnesia {unknown}
 j - 5 scrolls of enchant armour {unknown}
 l - 2 scrolls of fog {unknown}
 n - 2 scrolls of blinking {unknown}
 p - 2 scrolls of teleportation
 t - a scroll of remove curse {unknown}
Potions
 f - 2 potions of might
 g - a potion of brilliance {unknown}
 h - 5 potions of curing
 m - a potion of invisibility
 o - a potion of berserk rage
 s - a potion of cancellation
 u - a potion of agility {unknown}
 v - a potion of magic {unknown}
Comestibles
 c - 4 rations
 x - a chunk of flesh


   Skills:
 - Level 1.5 Dodging
 - Level 1.5 Stealth
 + Level 2.0 Spellcasting
 + Level 5.9 Conjurations
 + Level 7.8 Fire Magic


You had 3 spell levels left.
You knew the following spells:

 Your Spells              Type           Power        Failure   Level  Hunger
a - Flame Tongue          Conj/Fire      ####.        1%          1    #......
b - Conjure Flame         Conj/Fire      ####....     1%          3    ###....
c - Sticky Flame          Conj/Fire      ####....     4%          4    #####..

Your spell library contained the following spells:

 Spells                   Type           Power        Failure   Level  Hunger
 Magic Dart               Conj           ###.         1%          1    #......
 Throw Flame              Conj/Fire      ####..       1%          2    ###....
 Inner Flame              Hex/Fire       ###.....     4%          3    ###....
 Mephitic Cloud           Conj/Pois/Air  #.......     11%         3    ###....
 Blink                    Tloc           N/A          12%         2    ###....
 Call Imp                 Summ           #.......     12%         2    ###....
 Slow                     Hex            #.......     12%         2    ###....
 Fireball                 Conj/Fire      ####......   13%         5    ######.


Dungeon Overview and Level Annotations

Branches:
Dungeon (6/15)
 Temple: D:4-7

Altars:
Cheibriados
Dithmenos
Fedhas
Gozag
Makhleb
Sif Muna

Shops:
D:4 ?=   D:5 *

Annotations:
D:4 Pikel, Robin


Message History

You are poisoned.
You feel very sick.
The orc warrior burns!
Casting: Sticky Flame (safe; 4% risk of failure)
Confirm with . or Enter, or press ? or * to list all spells.
Aiming: Flame Tongue (safe; 1% risk of failure)
Press: ? - help, Shift-Dir - straight line, f/p - orc warrior
Aim: an orc warrior, wielding a +1 halberd of venom and wearing a +0 chain mail (heavily wounded, covered in liquid flames)
The flame tongue hits the orc warrior.
The orc warrior is heavily wounded.
You feel sick.
The orc warrior burns!
The orc warrior hits you from afar with a +1 halberd of venom!
* * * LOW HITPOINT WARNING * * *
You are more poisoned.
* * * LOW HITPOINT WARNING * * *
You feel very sick.
The orc warrior burns!
You feel better.
The orc warrior burns!
The orc warrior hits you from afar with a +1 halberd of venom!
You die...

#......# .........#
##...o## ........# #....#
##......# #....# #...^...#
###..# ##.......## ###..#
##........## #....###
###...........
#...##o.#####.........####
##.....o.@............#
#.######..##.......### #.#
#.##......###
#...####.#....##..#
#.#.............#.#
..⌠...⌠...⌠...⌠..#
.................#
....⌠...⌠...⌠....#
.................#


You could see an orc warrior (burning) and an orc.

Vanquished Creatures
  Sigmund (D:5)
  An orc warrior (D:5)
  A sky beast (D:5)
  A scorpion (D:5)
  A howler monkey (D:5)
  2 jellies
  2 orc priests (D:5)
  A centaur skeleton (D:5)
  An orc wizard (D:5)
  4 worker ants
  2 hound skeletons (D:5)
  8 adders
  2 oozes
  An adder zombie (D:5)
  An adder skeleton (D:6)
  A worm (D:2)
  A dart slug (D:1)
  2 leopard geckos
  18 orcs
  6 bats
  4 giant cockroaches
  7 hobgoblins
  2 jackals (D:1)
  8 kobolds
  5 quokkas
  2 frilled lizards (D:1)
  10 goblins
  8 rats
103 creatures vanquished.

Notes
Turn   | Place    | Note
-------+----------+-------------------------------------------
     0 | D:1      | lepipera the Hill Orc Fire Elementalist began the quest for
                  | the Orb.
     0 | D:1      | Reached XP level 1. HP: 14/14 MP: 3/3
   217 | D:1      | Reached XP level 2. HP: 20/20 MP: 0/4
   245 | D:1      | Reached skill level 4 in Fire Magic
   646 | D:2      | Reached XP level 3. HP: 26/26 MP: 3/5
   696 | D:2      | Learned a level 3 spell: Conjure Flame
   793 | D:2      | Found a snail-covered altar of Cheibriados.
  1354 | D:2      | Reached XP level 4. HP: 33/33 MP: 0/6
  1433 | D:3      | Found a deep blue altar of Sif Muna.
  1659 | D:3      | Found a blossoming altar of Fedhas.
  1939 | D:3      | Found a faded altar of an unknown god.
  2041 | D:3      | Reached skill level 5 in Fire Magic
  2366 | D:4      | Reached XP level 5. HP: 32/38 MP: 3/8
  2372 | D:4      | Learned a level 4 spell: Sticky Flame
  2439 | D:4      | Found Wackid's Magic Scroll Shoppe.
  2467 | D:4      | Bought a scroll of identify for 24 gold pieces
  2467 | D:4      | Bought a scroll of identify for 24 gold pieces
  2467 | D:4      | Bought a scroll of identify for 24 gold pieces
  2467 | D:4      | Bought a scroll of identify for 24 gold pieces
  2467 | D:4      | Bought a scroll of teleportation for 36 gold pieces
  2467 | D:4      | Bought a scroll of noise for 12 gold pieces
  2546 | D:4      | Noticed a slave
  2547 | D:4      | Noticed a slave
  2547 | D:4      | Noticed Pikel
  2548 | D:4      | Noticed a slave
  2588 | D:4      | Found Vofrob's Jewellery Shoppe.
  2697 | D:4      | Noticed Robin
  2765 | D:4      | Noticed a slave
  3102 | D:5      | Entered Level 5 of the Dungeon
  3397 | D:5      | Reached XP level 6. HP: 40/45 MP: 4/9
  3487 | D:5      | Reached skill level 6 in Fire Magic
  3932 | D:5      | Reached XP level 7. HP: 44/50 MP: 7/10
  4093 | D:5      | Found Ymo Myc's General Store.
  4097 | D:5      | Bought a scroll of identify for 26 gold pieces
  4145 | D:5      | Noticed Sigmund
  4210 | D:5      | Killed Sigmund
  4210 | D:5      | Reached skill level 5 in Conjurations
  4210 | D:5      | Reached skill level 7 in Fire Magic
  4678 | D:5      | Got a wizard robe
  4689 | D:5      | Identified the +2 robe "Wefeyr Souja" {*Slow rN+++ Regen+
                  | Dex+8} (You found it on level 5 of the Dungeon)
  4881 | D:5      | Reached XP level 8. HP: 48/57 MP: 6/11
  5044 | D:6      | Found an opulent altar of Gozag.
  5057 | D:6      | Found a shadowy altar of Dithmenos.
  5058 | D:6      | Found a burning altar of Makhleb.
  5118 | D:6      | Slain by an orc warrior

Skill      XL: |  1  2  3  4  5  6  7 |
---------------+----------------------+-----
Fire Magic     | 4 5 6 7 |  7.8
Spellcasting   | 2 |  2.0
Conjurations   | 2 3 4 5 |  5.9
Dodging        | |  1.5
Stealth        | |  1.5

Action                   |  1- 3 |  4- 6 |  7- 9 || total
-------------------------+-------+-------+-------++-------
Melee: Dagger            |    26 |    40 |    22 ||    88
 Cast: Flame Tongue      |    54 |    88 |    29 ||   171
       Conjure Flame     |     1 |       |     2 ||     3
       Sticky Flame      |       |     6 |     6 ||    12
  Use: Scroll            |       |     7 |     1 ||     8
       Potion            |       |       |     4 ||     4
 Stab: Sleeping          |       |     1 |       ||     1
  Eat: Chunk             |     3 |    11 |     5 ||    19
Armor: Robe              |     6 |     8 |     5 ||    19
Dodge: Dodged            |    21 |    69 |    18 ||   108
